 Dungeon Crawl Stone Soup version 0.27-a0-1200-g94dc6ad4cf (webtiles) character file.

Game seed: 2559314577872752416

688 kae the Cleaver (level 7, -7/96 HPs)
             Began as a Hill Orc Fighter on May 31, 2021.
             Mangled by a gnoll sergeant
             ... wielding a +5 trident of flaming
              (11 damage)
             ... on level 5 of the Dungeon.
             The game lasted 00:02:35 (4244 turns).

kae the Cleaver (Hill Orc Fighter)                  Turns: 4244, Time: 00:02:35

Health: -7/96      AC: 23    Str: 21    XL:     7   Next: 63%
Magic:  7/7        EV:  2    Int:  8    God:
Gold:   167        SH:  9    Dex: 10    Spells: 6/6 levels left

rFire    . . .     SeeInvis .   a - +1 war axe
rCold    . . .     Faith    .   c - +0 kite shield
rNeg     + + +     Spirit   .   (armour currently unavailable)
rPois    +         Reflect  .   (helmet currently unavailable)
rElec    .         Harm     .   (cloak currently unavailable)
rCorr    .         Rampage  .   (gloves currently unavailable)
Will     .....     NoTele   +   (boots currently unavailable)
Stlth    +.........             h - amulet of magic regeneration
HPRegen  0.26/turn              (no ring)
MPRegen  0.35/turn              (no ring)

@: tree-form
A: stationary, stasis, torment immunity, boosted hp, subdued magic 1
a: no special abilities


You were on level 5 of the Dungeon.
You were a tree.
You visited 1 branch of the dungeon, and saw 5 of its levels.

You collected 167 gold pieces.

Inventory:

Hand Weapons
 a - a +1 war axe (weapon)
Armour
 b - a +0 scale mail (melded)
 c - a +0 kite shield (worn)
 e - a +2 pair of boots (melded)
Jewellery
 h - an amulet of magic regeneration (around neck)
Scrolls
 l - a scroll of identify {unknown}
 n - a scroll of amnesia
Potions
 d - a potion of might
 f - a potion of mutation
 g - a potion of berserk rage
 m - 2 potions of brilliance {unknown}


   Skills:
 + Level 6.7 Fighting
 * Level 9.1 Axes
 - Level 3.2 Armour
 - Level 3.2 Shields


You had 6 spell levels left.
You didn't know any spells.
Your spell library contained the following spells:

 Spells                   Type           Power      Damage    Failure   Level
 Beastly Appendage        Tmut           0%         N/A       87%         1
 Wereblood                Tmut           0%         N/A       95%         2
 Spider Form              Tmut/Pois      0%         N/A       99%         3
 Ice Form                 Ice/Tmut       0%         N/A       100%        4
 Hydra Form               Tmut           0%         N/A       100%        5


Dungeon Overview and Level Annotations

Branches:
Dungeon (5/15)
 Temple: D:4-7

Altars:
Elyvilon

Annotations:
D:3 2 transporters, HalberdGnoll's ghost, amateur KoWn


Innate Abilities, Weirdness & Mutations

You are a tree.
Your roots penetrate the ground, keeping you stationary.
You cannot be teleported.
You are immune to unholy pain and torment.
Your maximum health is greatly increased.
Your equipment is partially melded.
Your spells are a little easier to cast, but a little less powerful.


Message History

You hit the gnoll. You barely miss the gnoll. You block the gnoll's attack.
The gnoll hits you but does no damage.
The gnoll sergeant hits you but does no damage.
You block the gnoll's attack. x2
You hit the gnoll sergeant.
The gnoll sergeant is severely wounded.
You closely miss the gnoll. You hit the gnoll. You block the gnoll's attack.
The gnoll sergeant hits you with a +5 trident of flaming.
The gnoll sergeant burns you. You block the gnoll's attack.
The gnoll barely misses you. The gnoll hits you but does no damage.
The gnoll sergeant hits you with a +5 trident of flaming!
* * * LOW HITPOINT WARNING * * *
The gnoll sergeant burns you.
* * * LOW HITPOINT WARNING * * *
You block the gnoll's attack.
As you read the scroll labelled OHEMMO REEQYTZ, it crumbles to dust.
It is a scroll of enchant weapon.
Your +0 war axe glows red for a moment.
The gnoll hits you from afar with a +0 spear.
* * * LOW HITPOINT WARNING * * *
You block the gnoll's attack. You block the gnoll sergeant's attack.
The gnoll barely misses you.
It was a potion of curing.
You feel better.
The gnoll hits you from afar with a +0 spear.
* * * LOW HITPOINT WARNING * * *
The gnoll hits you but does no damage.
The gnoll sergeant hits you with a +5 trident of flaming.
* * * LOW HITPOINT WARNING * * *
The gnoll sergeant burns you.
* * * LOW HITPOINT WARNING * * *
The gnoll hits you with a +0 club.
* * * LOW HITPOINT WARNING * * *
It was a potion of lignification.
You turn into a tree.
Your +2 pair of boots melds into your body.
Your +0 scale mail melds into your body.
Your roots penetrate the ground.
The gnoll hits you but does no damage. The gnoll hits you with a +0 whip.
* * * LOW HITPOINT WARNING * * *
The gnoll sergeant hits you with a +5 trident of flaming!
You die...

..........#
..........# .# .
........# ######.# .
.. .......#
#......##.. ....
#.....###..........
....
+.......+..........
#....###)# #...gh...
#........# #..)g.#
#####.##.# #..♣g.#
........#+#+#...g##
###...........####
+...........#
#...........#####
+...............####
#..........###.....#
#......)...##....#.#
#..........##....#.#


You could see a black bear, a gnoll sergeant and 3 gnolls.

Vanquished Creatures
  A black bear (D:4)
  An ogre (D:5)
  A scorpion (D:5)
  A jelly (D:3)
  An orc priest (D:3)
  A gnoll shaman (D:5)
  An iguana (D:2)
  Natasha (thrice) (D:2)
  An orc wizard (D:2)
  14 gnolls
  4 adders
  An ufetubus (D:5)
  A worm (D:2)
  A dart slug (D:2)
  4 orcs (D:3)
  4 endoplasms
  3 giant cockroaches (D:1)
  6 hobgoblins
  4 jackals (D:3)
  9 kobolds
  A quokka (D:2)
  9 ball pythons
  5 bats
  3 frilled lizards
  5 goblins
  5 rats
90 creatures vanquished.

Notes
Turn   | Place    | Note
-------+----------+-------------------------------------------
     0 | D:1      | kae the Hill Orc Fighter began the quest for the Orb.
     0 | D:1      | Reached XP level 1. HP: 19/19 MP: 1/1
    74 | D:1      | Reached skill level 3 in Axes
   114 | D:1      | Reached XP level 2. HP: 19/27 MP: 2/2
   729 | D:1      | Reached skill level 4 in Axes
   738 | D:1      | Reached XP level 3. HP: 33/33 MP: 3/3
  1195 | D:1      | Reached XP level 4. HP: 15/41 MP: 4/4
  1400 | D:2      | Reached skill level 5 in Axes
  1837 | D:2      | Reached XP level 5. HP: 47/47 MP: 5/5
  1848 | D:2      | Noticed Natasha
  1851 | D:2      | Killed Natasha
  1873 | D:2      | Reached skill level 5 in Fighting
  1921 | D:2      | Reached skill level 6 in Axes
  2065 | D:2      | Noticed Natasha
  2079 | D:2      | Killed Natasha
  2175 | D:2      | Found a faded altar of an unknown god.
  2199 | D:2      | Noticed Natasha
  2204 | D:2      | Killed Natasha
  2397 | D:2      | Reached XP level 6. HP: 11/56 MP: 6/6
  2662 | D:3      | Reached skill level 7 in Axes
  3025 | D:3      | Found a white marble altar of Elyvilon.
  3068 | D:3      | Found a transporter.
  3071 | D:3      | Noticed HalberdGnoll's ghost (amateur KoWn)
  3174 | D:3      | Found a transporter.
  3384 | D:3      | HP: 2/57 [gnoll/+0 flail (9)]
  3386 | D:3      | Gained mutation: Your spells are a little easier to cast,
                  | but a little less powerful. [potion of mutation]
  3882 | D:4      | Noticed a black bear
  3895 | D:4      | Killed a black bear
  3896 | D:4      | Reached skill level 8 in Axes
  3896 | D:4      | Reached XP level 7. HP: 53/63 MP: 7/7
  3943 | D:4      | You fall into a shaft and drop 1 floor!
  3943 | D:5      | Entered Level 5 of the Dungeon
  4096 | D:5      | Reached skill level 9 in Axes
  4244 | D:5      | HP: 4/96 [gnoll/+0 whip (3)]
  4244 | D:5      | Mangled by a gnoll sergeant

Illustrated notes

Levels and vault maps discovered:
D:1:      grunt_arrival_crossed_arrows, layout_basic, st_stairs_14
D:2:      layout_basic, hellmonk_ecumenical_altar_leap_of_faith, uniq_natasha
D:3:      layout_basic, nicolae_elyvilon_peaceful_grove, gammafunk_ghost_arena,
          serial_corexii_hall, chequers_hall_statues_y,
          chequers_hall_statues_wall_a, minmay_curled_crystal
D:4:      layout_loops_corners, trog_hazing_becter, st_stairs_4,
          nicolae_elemental_shop, kennysheep_generic_room_10
D:5:      layout_basic, minmay_temple_entry_statues, serial_shops, shop_scrolls,
          kennysheep_little_box, shop_scrolls, uniq_duvessa

Skill      XL: |  1  2  3  4  5  6  7 |
---------------+----------------------+-----
Axes           | 3 4 5 6 8 9 |  9.1
Fighting       | 4 5 6 |  6.7
Armour         | |  3.2
Shields        | |  3.2

Action                   |  1- 3 |  4- 6 |  7- 9 || total
-------------------------+-------+-------+-------++-------
Melee: War axe           |    73 |   176 |    30 ||   279
  Use: Scroll            |     1 |     3 |     1 ||     5
       Potion            |       |     2 |     2 ||     4
Armor: Scale mail        |    45 |    90 |    17 ||   152
       Skin              |       |       |     1 ||     1
Dodge: Dodged            |    36 |    58 |    18 ||   112
Block: Kite shield       |    47 |    79 |    28 ||   154

Table legend: (Time is in decaauts)
 A = Elapsed time spent in this place.
 B = Non-inter-level travel time spent in this place.
 C = Inter-level travel time spent in this place.
 D = Time resting spent in this place.
 E = Time spent auto-exploring this place.
 F = Levels seen in this place.
 G = Mean time per level.
                   A        B        C        D        E       F      G
               +--------+--------+--------+--------+--------+-----+--------+
         Total |   4390 |   4326 |     64 |   1001 |   2616 |   5 |  878.0 |
       Dungeon |   4390 |   4326 |     64 |   1001 |   2616 |   5 |  878.0 |
               +--------+--------+--------+--------+--------+-----+--------+

Top non-repeatable levels by time:
     D:2: 1517 daAuts
     D:1: 1364 daAuts
     D:3: 1064 daAuts
     D:5: 310 daAuts
     D:4: 134 daAuts
